 Dungeon Crawl Stone Soup version 0.29-a0-613-gf2c431b9b9 (webtiles) character file.

Game seed: 17199673750801283407

2354 vineage the Fighter (level 9, -4/60 HPs)
             Began as a Gargoyle Fighter on June 16, 2022.
             Was an Initiate of Okawaru.
             Slain by a gargoyle
             ... wielding a +0 mace
              (11 damage)
             ... on level 6 of the Dungeon.
             The game lasted 00:08:16 (6630 turns).

vineage the Fighter (Gargoyle Fighter)              Turns: 6630, Time: 00:08:16

Health: -4/60      AC: 17    Str: 22    XL:     9   Next: 44%
Magic:  9/9        EV:  7    Int:  9    God:    Okawaru [......]
Gold:   311        SH:  5    Dex: 11    Spells: 8/8 levels left

rFire   + + .      SeeInvis .   u - +7 whip of Xefen {vorpal, Will+}
rCold   + . .      Faith    .   c - +0 buckler
rNeg    + . .      Spirit   .   m - +1 chain mail {rF+}
rPois   ∞          Reflect  .   (no helmet)
rElec   +          Harm     .   (no cloak)
rCorr   .          Rampage  .   (no gloves)
Will    +....                   (no boots)
Stlth   ..........              (no amulet)
HPRegen 0.20/turn               t - ring of protection from fire
MPRegen 0.11/turn               o - ring of protection from cold

@: mighty, studying Necromancy, invisible
A: sickness immunity, AC +6, negative energy resistance 1, electricity
resistance, torment resistance 1, petrification resistance
a: Renounce Religion


You were on level 6 of the Dungeon.
You worshipped Okawaru.
Okawaru was noncommittal.
You visited 2 branches of the dungeon, and saw 7 of its levels.

You collected 311 gold pieces.

Inventory:

Hand Weapons
 a - a +0 flail
 l - a +5 short sword of draining
 u - the +7 whip of Xefen (weapon) {vorpal, Will+}
   (You found it on level 3 of the Dungeon)

   It inflicts extra damage upon your enemies.
   Will:      It increases your willpower.
Missiles
 p - a throwing net (quivered)
Armour
 b - a +0 scale mail
 c - a +0 buckler (worn)
 m - a +1 chain mail of fire resistance (worn)
Jewellery
 g - a ring of willpower
 k - a ring of magical power
 n - an amulet of faith
 o - a ring of protection from cold (right hand)
 t - a ring of protection from fire (left hand)
Wands
 v - a wand of polymorph (13)
 x - a wand of flame (72)
Scrolls
 e - a scroll of acquirement {unknown}
 i - a scroll of amnesia
 j - a scroll of vulnerability
 r - a scroll of teleportation
 s - a scroll of enchant armour {unknown}
 y - a scroll of fog
 z - a scroll of poison {unknown}
Potions
 d - a potion of brilliance
 f - 2 potions of lignification
 h - a potion of attraction
 A - a potion of resistance
 B - a potion of curing {unknown}
 C - a potion of cancellation {unknown}


   Skills:
 * Level 8.7 Fighting
 * Level 7.0 Maces & Flails
 + Level 6.5 Armour
 + Level 6.5 Shields


You had 8 spell levels left.
You didn't know any spells.
Your spell library contained the following spells:

 Spells                   Type           Power      Damage    Failure   Level
 Poisonous Vapours        Pois/Air       0%         N/A       99%         2
 Frozen Ramparts          Ice            0%         1d2       100%        3
 Corpse Rot               Necr/Pois/Air  0%         N/A       100%        4
 Ice Form                 Ice/Tmut       0%         N/A       100%        4
 Summon Ice Beast         Ice/Summ       Unusable   N/A       N/A         4

Dungeon Overview and Level Annotations

Branches:
Dungeon (6/15)             Temple (1/1) D:6

Altars:
Cheibriados
Dithmenos
Gozag
Hepliaklqana
Kikubaaqudgha
Makhleb
Okawaru
Trog
Vehumet
Wu Jian
Yredelemnul
Zin
Lugonu

Shops:
D:6 ?


Innate Abilities, Weirdness & Mutations

You are immune to sickness and miasma.
Your stone body is resilient. (AC +6)
You are immune to poison.
You resist negative energy. (rN+)
You are resistant to electric shocks. (rElec)
You are resistant to unholy torment.
You are immune to petrification.


Message History

The vampire is almost destroyed.
You hit the vampire.
You destroy the vampire!
Okawaru accepts your kill.
The gargoyle hurls a stone arrow at you.
The stone arrow misses you.
Your Maces & Flails skill increases to level 7!
The gargoyle hits you with a +0 mace!
You are too injured to fight recklessly!
You are too injured to fight recklessly!
You are too injured to fight recklessly!
You are too injured to fight recklessly!
You are too injured to fight recklessly!
You are too injured to fight recklessly!
You are too injured to fight recklessly!
You are too injured to fight recklessly!
You whack the gargoyle!
The gargoyle is moderately damaged.
The gargoyle hits you with a +0 mace!
You closely miss the gargoyle.
The gargoyle is moderately damaged.
The gargoyle hits you but does no damage.
You hit the gargoyle but do no damage.
The gargoyle is moderately damaged.
The gargoyle hurls a stone arrow at you.
The stone arrow hits you!
* * * LOW HITPOINT WARNING * * *
You hit the gargoyle.
The gargoyle is heavily damaged.
You hit the gargoyle but do no damage.
The gargoyle is heavily damaged.
The gargoyle hurls a stone arrow at you.
The stone arrow hits you but does no damage.
You hit the gargoyle.
The gargoyle is severely damaged.
The gargoyle hits you with a +0 mace!
* * * LOW HITPOINT WARNING * * *
You fade into invisibility!
The gargoyle hits you with a +0 mace!
You die...

.############.#
#.'..>.♣#..#..#.. ##
#.###.#♣...♣#..+..+.. #
≈≈≈###.#..##♣♣♣##..#(.#..
≈≈≈≈##.(..# ####...#..#+#
≈≈≈≈≈##...###.#....#..#..
≈≈≈S≈≈##...........'##+##
≈≈≈≈≈≈≈#.##.#....###.....
≈≈≈≈≈≈≈#.##.###### #.....
≈≈≈≈≈≈≈#@#### ######+##
.......'9# ##...#..##
.......'.# #.........
≈≈≈≈≈≈≈### #####....#####
≈≈≈≈≈≈≈ ####.##...###
≈≈≈≈≈≈≈##....#....#
≈≈≈≈≈≈##..........###
≈≈≈≈≈##.............#####
≈≈≈≈##.....#........<....


You could see a gargoyle (can't see you).

Vanquished Creatures
  A vampire (D:6)
  A steam dragon (D:4)
  2 water moccasins (D:6)
  An ice beast (D:5)
  Duvessa (D:4)
  2 black bears
  2 orc warriors (D:6)
  A centaur (D:6)
  2 phantoms
  7 scorpions
  Dowan (D:4)
  A jelly (D:6)
  5 hounds
  An orc priest (D:4)
  Terence (D:2)
  6 iguanas
  An orc wizard (D:4)
  3 gnolls (D:6)
  6 adders
  2 ufetubi (D:5)
  A worm (D:3)
  2 dart slugs
  16 orcs
  A bat (D:3)
  3 endoplasms
  3 giant cockroaches
  10 goblins
  11 hobgoblins
  4 quokkas
  12 ball pythons
  4 frilled lizards
  4 kobolds
  A rat (D:3)
119 creatures vanquished.

Notes
Turn   | Place    | Note
-------+----------+-------------------------------------------
     0 | D:1      | vineage the Gargoyle Fighter began the quest for the Orb.
     0 | D:1      | Reached XP level 1. HP: 14/14 MP: 1/1
   319 | D:1      | Reached XP level 2. HP: 19/19 MP: 2/2
   940 | D:2      | Reached XP level 3. HP: 23/24 MP: 3/3
  1239 | D:2      | Noticed Terence
  1248 | D:2      | Killed Terence
  1249 | D:2      | Reached skill level 4 in Fighting
  1530 | D:2      | Reached XP level 4. HP: 29/29 MP: 4/4
  1960 | D:3      | Identified the +8 hunting sling of Juitz {flame, rC++}
  2031 | D:3      | Noticed a scorpion
  2043 | D:3      | Killed a scorpion
  2044 | D:3      | Reached XP level 5. HP: 22/34 MP: 5/5
  2434 | D:3      | Found a faded altar of an unknown god.
  2692 | D:3      | Identified the +7 whip of Xefen {vorpal, Will+}
  2778 | D:3      | Found a bloodstained altar of Trog.
  2889 | D:4      | Noticed a black bear
  2889 | D:4      | Noticed a phantom
  2902 | D:3      | Killed a black bear
  2903 | D:3      | Reached skill level 5 in Fighting
  2903 | D:3      | Reached XP level 6. HP: 36/40 MP: 6/6
  3004 | D:4      | Noticed a steam dragon
  3023 | D:4      | Killed a steam dragon
  3024 | D:4      | Reached XP level 7. HP: 38/45 MP: 7/7
  3305 | D:4      | Reached skill level 6 in Fighting
  3479 | D:4      | Reached skill level 5 in Shields
  3619 | D:4      | Noticed Dowan
  3620 | D:4      | Noticed Duvessa
  3639 | D:4      | Killed Duvessa
  3640 | D:4      | Reached skill level 5 in Armour
  3649 | D:4      | Killed Dowan
  3793 | D:4      | Found a basalt altar of Yredelemnul.
  3843 | D:5      | Entered Level 5 of the Dungeon
  3843 | D:5      | Found a glowing silver altar of Zin.
  3852 | D:5      | Reached XP level 8. HP: 49/52 MP: 8/8
  3873 | D:5      | Reached skill level 5 in Maces & Flails
  3889 | D:5      | Reached skill level 7 in Fighting
  4608 | D:6      | Found an opulent altar of Gozag.
  5072 | D:6      | Found Lanyolo's Magic Scroll Emporium.
  5132 | D:6      | Reached skill level 8 in Fighting
  5132 | D:6      | Reached XP level 9. HP: 48/59 MP: 9/9
  5877 | D:6      | HP: 3/60 [orc warrior/+0 trident (12)]
  6534 | D:6      | Found a staircase to the Ecumenical Temple.
  6540 | Temple   | Entered the Ecumenical Temple
  6582 | Temple   | Became a worshipper of Warmaster Okawaru
  6610 | D:6      | Noticed a gargoyle
  6630 | D:6      | Slain by a gargoyle

Illustrated notes

Levels and vault maps discovered:
D:1:      spicycebolla_arrival_xxxplode, layout_loops_cross
D:2:      layout_loops_ring, uniq_terence
D:3:      layout_basic, mainiacjoe_overflow_brackets,
          chequers_ecumenical_altar_grove, minmay_quantized
D:4:      layout_basic, marbit_many_paths, uniq_duvessa
D:5:      layout_gridville, mainiacjoe_overflow_chevrons
D:6:      kennysheep_big_flooded_room, layout_layer_cave,
          mainiacjoe_overflow_24_doors, minmay_temple_entry_enclosed_plants,
          serial_shops, nicolae_diamond_shop, minmay_manual_mandibuliform
Temple:   corrupted_temple

Skill      XL: |  1  2  3  4  5  6  7  8  9 |
---------------+----------------------------+-----
Fighting       | 4 5 6 8 |  8.7
Armour         | 4 5 6 |  6.5
Shields        | 4 5 6 |  6.5
Maces & Flails | 3 4 6 7 |  7.0

Action                   |  1- 3 |  4- 6 |  7- 9 || total
-------------------------+-------+-------+-------++-------
Melee: Flail             |    65 |       |       ||    65
       Short sword       |     2 |    92 |       ||    94
       Whip              |       |    30 |   259 ||   289
       Unarmed           |       |     1 |       ||     1
  Use: Scroll            |     2 |       |    11 ||    13
       Potion            |     1 |     1 |     4 ||     6
Armor: Scale mail        |    26 |       |       ||    26
       Chain mail        |       |    82 |   141 ||   223
Dodge: Dodged            |    25 |    32 |    69 ||   126
Block: Buckler           |    13 |    21 |    55 ||    89

Table legend: (Time is in decaauts)
 A = Elapsed time spent in this place.
 B = Non-inter-level travel time spent in this place.
 C = Inter-level travel time spent in this place.
 D = Time resting spent in this place.
 E = Time spent auto-exploring this place.
 F = Levels seen in this place.
 G = Mean time per level.
                   A        B        C        D        E       F      G
               +--------+--------+--------+--------+--------+-----+--------+
         Total |   6615 |   6410 |    205 |    756 |   4714 |   7 |  945.0 |
       Dungeon |   6561 |   6377 |    184 |    756 |   4688 |   6 | 1093.5 |
        Temple |     53 |     32 |     21 |      0 |     26 |   1 |   53.0 |
               +--------+--------+--------+--------+--------+-----+--------+

Top non-repeatable levels by time:
     D:6: 1984 daAuts
     D:3: 1027 daAuts
     D:2: 1020 daAuts
     D:4: 926 daAuts
     D:1: 886 daAuts
     D:5: 716 daAuts
  Temple: 53 daAuts
